 Dungeon Crawl Stone Soup version 0.27.0-1-g7a089689b8 (webtiles) character file.

Game seed: 3556148592656693259

23 trckry the Grasshopper (level 3, -4/36 HPs)
             Began as an Ogre Warper on Aug 14, 2021.
             Was a Follower of Okawaru.
             Killed from afar by Sigmund (5 damage)
             ... with a magic dart
             ... on level 2 of the Dungeon.
             The game lasted 00:04:37 (1427 turns).

trckry the Grasshopper (Ogre Warper)                Turns: 1427, Time: 00:04:38

Health: -4/36      AC:  3    Str: 15    XL:     3   Next: 0%
Magic:  4/6        EV: 11    Int: 15    God:    Okawaru [*.....]
Gold:   74         SH:  0    Dex:  8    Spells: 6/6 levels left

rFire    . . .     SeeInvis .   b - +1 dagger (venom)
rCold    . . .     Faith    .   (no shield)
rNeg     . . .     Spirit   .   g - +0 robe
rPois    .         Reflect  .   (helmet restricted)
rElec    .         Harm     .   (no cloak)
rCorr    .         Rampage  .   (gloves unavailable)
Will     .....                  (boots unavailable)
Stlth    ++........             (no amulet)
HPRegen  0.12/turn              (no ring)
MPRegen  0.10/turn              (no ring)

@: heroic, invisible
A: large, unfitting armour, tough skin 1
a: Renounce Religion, Heroism


You were on level 2 of the Dungeon.
You worshipped Okawaru.
Okawaru was aware of your devotion.
You visited 1 branch of the dungeon, and saw 2 of its levels.

You collected 74 gold pieces.

Inventory:

Hand Weapons
 a - a +0 mace
 b - a +1 dagger of venom (weapon)
Missiles
 h - 6 poisoned darts (quivered)
Armour
 g - a +0 robe (worn)
Scrolls
 c - 2 scrolls of blinking
 e - a scroll of identify {unknown}
 j - a scroll of amnesia {unknown}
Potions
 f - a potion of might {unknown}


   Skills:
 - Level 2.6(7.6) Fighting
 * Level 2.6(7.6) Maces & Flails
 - Level 1.0(6.0) Throwing
 - Level 2.1(7.1) Dodging
 - Level 2.4 Spellcasting
 + Level 3.0 Translocations
 + Level 0.2 Invocations


You had 6 spell levels left.
You didn't know any spells.
Your spell library contained the following spells:

 Spells                   Type           Power      Damage    Failure   Level
 Blink                    Tloc           N/A        N/A       10%         2
 Gell's Gravitas          Tloc           5%         N/A       19%         3
 Lesser Beckoning         Tloc           5%         N/A       19%         3
 Teleport Other           Tloc           10%        N/A       19%         3
 Foxfire                  Conj/Fire      4%         2x1d4     22%         1
 Manifold Assault         Tloc           10%        N/A       86%         5


Dungeon Overview and Level Annotations

Branches:
Dungeon (2/15)

Altars:
Okawaru

Annotations:
D:2 Sigmund


Innate Abilities, Weirdness & Mutations

You are too large for most types of armour.
You have tough skin. (AC +1)


Message History

* * * LOW HITPOINT WARNING * * *
You take 5 damage, and have 15/54 hp.
Non-targeted confused throw: 13 darts (poison)
Press: ? - help, Q - select action, (/) - cycle Dir - look around, f - activate You throw a poisoned dart.
Non-targeted confused throw: 12 darts (poison)
Press: ? - help, Q - select action, (/) - cycle Dir - look around, f - activate You throw a poisoned dart.
You hear some strange, mumbled words.
Something tries to affect you, but you resist.
Non-targeted confused throw: 11 darts (poison)
Press: ? - help, Q - select action, (/) - cycle Dir - look around, f - activate You throw a poisoned dart.
Something hits you!
* * * LOW HITPOINT WARNING * * *
You take 9 damage, and have 6/54 hp.
Non-targeted confused throw: 10 darts (poison)
Press: ? - help, Q - select action, (/) - cycle Dir - look around, f - activate You throw a poisoned dart.
Something hits you but does no damage.
Non-targeted confused throw: 9 darts (poison)
Press: ? - help, Q - select action, (/) - cycle Dir - look around, f - activate You throw a poisoned dart.
Non-targeted confused throw: 8 darts (poison)
Press: ? - help, Q - select action, (/) - cycle Dir - look around, f - activate You throw a poisoned dart.
You hear a zap.
Something tries to affect you, but you resist.
Non-targeted confused throw: 7 darts (poison)
Press: ? - help, Q - select action, (/) - cycle Dir - look around, f - activate You throw a poisoned dart.
You feel less wooden.
Your +0 robe unmelds from your body.
Something hits you.
* * * LOW HITPOINT WARNING * * *
You now have 1/36 hp.
It was a potion of invisibility.
You fade into invisibility!
You feel less confused.
A magic dart appears from out of thin air!
The magic dart hits you.
You die...

......#+#................
...............####...# .
............†..'.†....# #
...............####...# #
...............# #...# #
#####.........# #...# #
#...)......(####...###
###...###{..............
.......@......(.........
.........$(..(......#....
..=.......#######...#....
..........# #...#....
.......)..# #...#....
.........# ### #....
.........# #....
..([.....# ###### #.....


There were no monsters in sight!

Vanquished Creatures
  A dart slug (D:2)
  An endoplasm (D:1)
  A giant cockroach (D:1)
  4 hobgoblins
  5 kobolds
  A quokka (D:2)
  3 ball pythons
  3 bats
  A rat (D:1)
20 creatures vanquished.

Notes
Turn   | Place    | Note
-------+----------+-------------------------------------------
     0 | D:1      | trckry the Ogre Warper began the quest for the Orb.
     0 | D:1      | Reached XP level 1. HP: 22/22 MP: 3/3
   243 | D:1      | Found a faded altar of an unknown god.
   250 | D:1      | Reached XP level 2. HP: 9/29 MP: 5/5
   566 | D:1      | Got Plato's Incunabulum of the Volcanoes
   567 | D:1      | Became a worshipper of Warmaster Okawaru
   567 | D:1      | Reached * piety under Okawaru
   944 | D:2      | Reached skill level 3 in Translocations
  1391 | D:2      | Noticed Sigmund
  1408 | D:2      | Reached XP level 3. HP: 30/36 MP: 6/6
  1422 | D:2      | HP: 6/54 [something (9)]
  1426 | D:2      | HP: 1/36 [something (3)]
  1427 | D:2      | Killed from afar by Sigmund

Illustrated notes

Levels and vault maps discovered:
D:1:      mrwooster_arrival_statue, layout_rooms,
          shapermc_ecumenical_altar_rom_forum, hangedman_decor_points,
          bh_walls_and_bars
D:2:      layout_basic, minmay_misc_feat_roman, uniq_sigmund

Skill      XL: |  1  2 |
---------------+-------+-----
Maces & Flails | 2 |  2.6
Translocations | 3 |  3.0
Fighting       | |  2.6
Throwing       | |  1.0
Dodging        | |  2.1
Spellcasting   | |  2.4
Invocations    | |  0.2

Action                   || total
-------------------------++-------
Melee: Mace              ||    17
       Dagger            ||    53
Throw: Dart              ||    10
       Boomerang         ||     5
Invok: Heroism           ||     1
  Use: Potion            ||     1
 Stab: Sleeping          ||     1
Armor: Robe              ||    27
       Skin              ||     7
Dodge: Dodged            ||    38
